[ AOE2 MATCH · #478611039 ]
UnrankedPersians vs Saracens
[ REPLAY ANALYSIS · EXTRACTED FROM THE RECORDED GAME ]
Feudal
16:08
Castle
23:45
Imperial
—
| APM avg | 21.3 |
| APM peak | 87 |
| eAPM avg | 7.3 |
| Villagers / military | 72 / 37 |
Focus
⚔️ 28.0% · 🌾 72.0%
Knight ×34 · Camel Scout ×2 · Spearman ×1
Feudal
13:31
Castle
17:01
Imperial
—
| APM avg | 35.8 |
| APM peak | 74 |
| eAPM avg | 19.0 |
| Villagers / military | 185 / 37 |
Focus
⚔️ 28.5% · 🌾 71.5%
Mangudai ×37
Feudal
15:54
Castle
20:11
Imperial
40:14
| APM avg | 35.7 |
| APM peak | 77 |
| eAPM avg | 14.9 |
| Villagers / military | 152 / 65 |
Focus
⚔️ 24.0% · 🌾 76.0%
Mameluke ×62 · Trebuchet (Packed) ×3
Feudal
13:32
Castle
23:25
Imperial
42:30
| APM avg | 18.1 |
| APM peak | 44 |
| eAPM avg | 9.7 |
| Villagers / military | 70 / 100 |
Focus
⚔️ 35.7% · 🌾 64.3%
Archer ×58 · Spearman ×26 · Skirmisher ×11 · Trebuchet (Packed) ×3 · Battering Ram ×2
Feudal
14:01
Castle
17:56
Imperial
41:45
| APM avg | 34.5 |
| APM peak | 78 |
| eAPM avg | 11.7 |
| Villagers / military | 141 / 155 |
Focus
⚔️ 33.6% · 🌾 66.4%
Cavalry Archer ×102 · Knight ×40 · Battering Ram ×11 · Trebuchet (Packed) ×2
Feudal
13:54
Castle
18:03
Imperial
41:56
| APM avg | 29.2 |
| APM peak | 64 |
| eAPM avg | 18.7 |
| Villagers / military | 141 / 218 |
Focus
⚔️ 47.3% · 🌾 52.7%
Steppe Lancer ×215 · Camel Scout ×1 · Scout Cavalry ×1 · Trebuchet (Packed) ×1
Feudal
14:46
Castle
24:05
Imperial
42:19
| APM avg | 19.1 |
| APM peak | 42 |
| eAPM avg | 9.1 |
| Villagers / military | 67 / 100 |
Focus
⚔️ 41.2% · 🌾 58.8%
Camel Archer ×87 · Scout Cavalry ×12 · Monk ×1
Feudal
12:54
Castle
17:34
Imperial
40:42
| APM avg | 37.9 |
| APM peak | 78 |
| eAPM avg | 24.1 |
| Villagers / military | 106 / 95 |
Focus
⚔️ 40.1% · 🌾 59.9%
Spearman ×34 · Skirmisher ×28 · War Wagon ×15 · Iron Pagoda ×11 · Trebuchet (Packed) ×5 · Monk ×1
Match map
Initial resources + every placement click. Lines = walls · curves = elevation contours. ◆ gold · ⬟ stone · ● berries · ✦ relic · ◌ wall gap
Your base· Open — unwalled flank
Quando's base· Open — unwalled flank
[GDL]Cemento's base· Open — 5t gap
PJtheDcoy's base· Open — unwalled flank
[GDL] RagnarokCo's base· Open — unwalled flank
[GDL] Tevadoler's base· Open — unwalled flank
Relief's base· Open — unwalled flank
[GDL] Aleex's base· Open — unwalled flank
Smoothed initial terrain · ◌ = detected wall gap · hover for details
Inputs per minute
— Fr4ggi - - Quando
Build order — Fr4ggi
First 150 of 196 actions detected
| 1:41 | Build | Town Center |
| 4:00 | Queue | Villager (Male) |
| 4:01 | Queue | Villager (Male) |
| 4:19 | Queue | Villager (Male) |
| 5:14 | Build | House |
| 5:20 | Research | Loom |
| 5:20 | Queue | Villager (Male) |
| 5:24 | Queue | Villager (Male) |
| 6:23 | Queue | Villager (Male) |
| 6:37 | Queue | Villager (Male) |
| 7:00 | Build | House |
| 7:05 | Queue | Villager (Male) |
| 8:01 | Queue | Villager (Male) |
| 8:01 | Queue | Villager (Male) |
| 8:32 | Build | Lumber Camp |
| 8:35 | Queue | Villager (Male) |
| 8:35 | Queue | Villager (Male) |
| 8:54 | Queue | Villager (Male) |
| 9:18 | Queue | Villager (Male) |
| 9:25 | Build | Mill |
| 9:30 | Queue | Villager (Male) |
| 10:08 | Build | House |
| 10:25 | Queue | Villager (Male) |
| 10:25 | Queue | Villager (Male) |
| 11:10 | Build | House |
| 11:17 | Queue | Villager (Male) |
| 11:19 | Queue | Villager (Male) |
| 11:51 | Queue | Villager (Male) |
| 12:24 | Queue | Villager (Male) |
| 12:33 | Queue | Villager (Male) |
| 13:04 | Build | Mill |
| 13:08 | Build | Mining Camp |
| 13:11 | Queue | Villager (Male) |
| 13:36 | Queue | Villager (Male) |
| 13:47 | Research | Feudal Age |
| 13:55 | Build | House |
| 15:18 | Build | Barracks |
| 16:08 | Age | Feudal Age |
| 16:17 | Build | Outpost |
| 17:40 | Build | House |
| 17:46 | Queue | Villager (Male) |
| 17:46 | Queue | Villager (Male) |
| 18:16 | Queue | Spearman |
| 19:27 | Build | Stable |
| 19:35 | Build | Blacksmith |
| 21:19 | Research | Castle Age |
| 21:30 | Research | Double-Bit Axe |
| 21:39 | Build | Lumber Camp |
| 22:12 | Build | Mill |
| 23:45 | Age | Castle Age |
| 24:05 | Build | Town Center |
| 24:34 | Research | Scale Barding Armor |
| 24:36 | Research | Forging |
| 24:41 | Research | Bow Saw |
| 24:44 | Research | Horse Collar |
| 25:32 | Queue | Villager (Male) |
| 25:33 | Queue | Villager (Male) |
| 26:00 | Research | Bloodlines |
| 26:18 | Queue | Villager (Male) |
| 26:18 | Queue | Villager (Male) |
| 26:30 | Build | Farm |
| 26:30 | Build | Farm |
| 26:31 | Build | Farm |
| 26:32 | Build | Farm |
| 26:37 | Build | Farm |
| 26:50 | Queue | Villager (Male) |
| 27:01 | Research | Heavy Plow |
| 27:06 | Build | Farm |
| 27:15 | Build | Farm |
| 27:17 | Queue | Villager (Male) |
| 27:22 | Build | Farm |
| 27:27 | Build | Farm |
| 27:38 | Build | Farm |
| 27:41 | Queue | Villager (Male) |
| 27:47 | Build | Farm |
| 27:50 | Build | Farm |
| 27:51 | Queue | Villager (Male) |
| 28:19 | Queue | Villager (Male) |
| 29:03 | Build | Stable |
| 29:14 | Research | Wheelbarrow |
| 29:23 | Build | House |
| 29:24 | Build | House |
| 29:51 | Queue | Villager (Male) |
| 30:27 | Build | House |
| 30:32 | Research | Husbandry |
| 30:33 | Queue | Knight |
| 30:34 | Queue | Knight |
| 30:44 | Queue | Villager (Male) |
| 30:51 | Build | House |
| 30:52 | Build | House |
| 30:53 | Build | House |
| 30:56 | Queue | Knight |
| 30:59 | Queue | Villager (Male) |
| 31:00 | Queue | Villager (Male) |
| 31:15 | Build | Mining Camp |
| 31:18 | Queue | Villager (Male) |
| 31:43 | Research | Chain Barding Armor |
| 32:07 | Queue | Villager (Male) |
| 32:28 | Queue | Knight |
| 32:31 | Build | House |
| 32:37 | Queue | Villager (Male) |
| 32:51 | Research | Gold Mining |
| 34:00 | Research | Hand Cart |
| 34:03 | Queue | Knight |
| 34:19 | Build | Farm |
| 34:28 | Build | Farm |
| 34:31 | Build | Farm |
| 34:35 | Queue | Knight |
| 35:23 | Queue | Knight |
| 35:24 | Queue | Knight |
| 35:26 | Queue | Villager (Male) |
| 35:27 | Queue | Villager (Male) |
| 35:27 | Queue | Villager (Male) |
| 35:45 | Build | Town Center |
| 35:59 | Queue | Villager (Male) |
| 36:00 | Queue | Villager (Male) |
| 37:01 | Queue | Knight |
| 37:01 | Queue | Knight |
| 37:25 | Queue | Villager (Male) |
| 37:26 | Queue | Villager (Male) |
| 37:26 | Queue | Villager (Male) |
| 37:54 | Queue | Knight |
| 38:23 | Build | House |
| 38:24 | Build | House |
| 38:25 | Build | House |
| 38:58 | Build | Blacksmith |
| 39:05 | Research | Iron Casting |
| 39:16 | Queue | Villager (Male) |
| 39:16 | Queue | Villager (Male) |
| 39:16 | Queue | Villager (Male) |
| 39:22 | Queue | Villager (Male) |
| 39:22 | Queue | Villager (Male) |
| 39:23 | Queue | Villager (Male) |
| 39:28 | Build | Mining Camp |
| 39:36 | Build | Farm |
| 39:45 | Queue | Knight |
| 39:45 | Queue | Knight |
| 40:18 | Build | House |
| 40:19 | Build | House |
| 40:31 | Queue | Villager (Male) |
| 40:31 | Queue | Villager (Male) |
| 40:32 | Queue | Villager (Male) |
| 40:36 | Build | Farm |
| 40:41 | Build | Farm |
| 40:43 | Build | Farm |
| 40:44 | Queue | Villager (Male) |
| 40:46 | Queue | Villager (Male) |
| 40:46 | Queue | Villager (Male) |
| 40:47 | Queue | Villager (Male) |
| 41:00 | Queue | Knight |
Build order — Quando
First 150 of 305 actions detected
| 0:12 | Build | Town Center |
| 2:12 | Build | House |
| 2:35 | Queue | Villager (Male) |
| 2:35 | Queue | Villager (Male) |
| 2:38 | Queue | Villager (Male) |
| 2:38 | Queue | Villager (Male) |
| 3:49 | Queue | Villager (Male) |
| 4:37 | Queue | Villager (Male) |
| 4:50 | Build | House |
| 4:51 | Build | Lumber Camp |
| 4:55 | Queue | Villager (Male) |
| 4:56 | Queue | Villager (Male) |
| 5:18 | Queue | Villager (Male) |
| 5:22 | Research | Loom |
| 5:25 | Build | House |
| 5:33 | Queue | Villager (Male) |
| 5:33 | Queue | Villager (Male) |
| 5:36 | Build | House |
| 5:50 | Build | House |
| 6:06 | Queue | Villager (Male) |
| 6:29 | Queue | Villager (Male) |
| 6:43 | Queue | Villager (Male) |
| 6:56 | Queue | Villager (Male) |
| 7:11 | Build | House |
| 7:22 | Queue | Villager (Male) |
| 7:39 | Queue | Villager (Male) |
| 8:01 | Queue | Villager (Male) |
| 8:19 | Build | Mill |
| 8:29 | Queue | Villager (Male) |
| 8:35 | Build | House |
| 9:12 | Queue | Villager (Male) |
| 9:54 | Queue | Villager (Male) |
| 9:58 | Build | House |
| 10:07 | Queue | Villager (Male) |
| 10:34 | Build | Mining Camp |
| 10:39 | Research | Feudal Age |
| 10:44 | Queue | Villager (Male) |
| 11:02 | Research | Feudal Age |
| 11:23 | Build | Palisade Wall |
| 11:24 | Build | Palisade Wall |
| 11:24 | Build | Palisade Wall |
| 11:27 | Build | Palisade Wall |
| 11:27 | Build | Palisade Wall |
| 12:02 | Queue | Villager (Male) |
| 12:02 | Queue | Villager (Male) |
| 13:31 | Age | Feudal Age |
| 13:32 | Build | Blacksmith |
| 13:34 | Build | Market |
| 13:42 | Research | Double-Bit Axe |
| 14:21 | Research | Castle Age |
| 15:49 | Queue | Villager (Male) |
| 17:01 | Age | Castle Age |
| 17:09 | Build | Castle |
| 17:16 | Build | Castle |
| 17:19 | Build | House |
| 17:21 | Build | House |
| 17:26 | Queue | Villager (Male) |
| 17:33 | Build | Town Center |
| 17:38 | Queue | Villager (Male) |
| 17:57 | Queue | Villager (Male) |
| 18:22 | Build | Town Center |
| 18:25 | Queue | Villager (Male) |
| 18:31 | Build | House |
| 18:45 | Queue | Mangudai |
| 18:45 | Queue | Mangudai |
| 18:48 | Research | Fletching |
| 18:54 | Build | Mill |
| 18:56 | Queue | Villager (Male) |
| 18:56 | Queue | Villager (Male) |
| 19:21 | Queue | Mangudai |
| 19:34 | Queue | Villager (Male) |
| 19:36 | Queue | Villager (Male) |
| 19:36 | Queue | Villager (Male) |
| 19:56 | Queue | Villager (Male) |
| 19:59 | Queue | Villager (Male) |
| 19:59 | Queue | Villager (Male) |
| 20:11 | Queue | Villager (Male) |
| 20:13 | Queue | Mangudai |
| 20:24 | Queue | Villager (Male) |
| 20:37 | Queue | Mangudai |
| 20:38 | Queue | Villager (Male) |
| 20:46 | Queue | Villager (Male) |
| 20:57 | Queue | Villager (Male) |
| 20:57 | Queue | Villager (Male) |
| 21:11 | Queue | Villager (Male) |
| 21:11 | Queue | Villager (Male) |
| 21:12 | Queue | Mangudai |
| 21:21 | Queue | Villager (Male) |
| 21:34 | Queue | Villager (Male) |
| 21:35 | Queue | Villager (Male) |
| 21:54 | Queue | Villager (Male) |
| 21:55 | Queue | Villager (Male) |
| 21:57 | Queue | Villager (Male) |
| 22:01 | Build | Siege Workshop |
| 22:07 | Queue | Villager (Male) |
| 22:07 | Queue | Villager (Male) |
| 22:16 | Queue | Mangudai |
| 22:21 | Queue | Villager (Male) |
| 22:22 | Queue | Villager (Male) |
| 22:37 | Build | Mill |
| 22:44 | Queue | Villager (Male) |
| 22:44 | Queue | Villager (Male) |
| 22:48 | Build | Siege Workshop |
| 22:50 | Queue | Villager (Male) |
| 22:51 | Queue | Villager (Male) |
| 22:57 | Queue | Villager (Male) |
| 22:59 | Queue | Mangudai |
| 23:06 | Queue | Villager (Male) |
| 23:17 | Queue | Villager (Male) |
| 23:28 | Queue | Mangudai |
| 23:46 | Queue | Villager (Male) |
| 23:47 | Queue | Villager (Male) |
| 23:48 | Queue | Mangudai |
| 23:55 | Research | Bodkin Arrow |
| 24:04 | Queue | Villager (Male) |
| 24:11 | Build | Mill |
| 24:18 | Queue | Mangudai |
| 24:19 | Queue | Villager (Male) |
| 24:19 | Queue | Villager (Male) |
| 25:06 | Build | Castle |
| 25:12 | Queue | Villager (Male) |
| 25:13 | Queue | Villager (Male) |
| 25:13 | Queue | Villager (Male) |
| 25:13 | Queue | Villager (Male) |
| 25:20 | Build | Mill |
| 25:30 | Build | Mill |
| 25:30 | Queue | Villager (Male) |
| 25:30 | Queue | Villager (Male) |
| 25:31 | Queue | Mangudai |
| 25:35 | Build | House |
| 25:36 | Build | House |
| 25:36 | Build | House |
| 26:19 | Queue | Mangudai |
| 26:19 | Queue | Mangudai |
| 26:22 | Queue | Villager (Male) |
| 26:22 | Queue | Villager (Male) |
| 26:22 | Queue | Villager (Male) |
| 26:22 | Queue | Villager (Male) |
| 26:32 | Build | Mining Camp |
| 26:41 | Queue | Villager (Male) |
| 26:41 | Queue | Villager (Male) |
| 26:52 | Queue | Villager (Male) |
| 26:52 | Queue | Villager (Male) |
| 26:57 | Queue | Villager (Male) |
| 26:57 | Queue | Villager (Male) |
| 27:10 | Queue | Villager (Male) |
| 27:11 | Queue | Villager (Male) |
| 27:19 | Queue | Villager (Male) |
| 27:20 | Queue | Villager (Male) |
| 27:42 | Build | Farm |
Build order — [GDL]Cemento
First 150 of 354 actions detected
| 1:15 | Build | Town Center |
| 1:55 | Build | Palisade Wall |
| 2:02 | Build | Palisade Wall |
| 2:08 | Build | Palisade Wall |
| 2:09 | Build | Palisade Wall |
| 4:03 | Queue | Villager (Male) |
| 4:04 | Queue | Villager (Male) |
| 4:04 | Queue | Villager (Male) |
| 4:04 | Queue | Villager (Male) |
| 4:22 | Build | House |
| 5:00 | Build | House |
| 5:54 | Queue | Villager (Male) |
| 5:55 | Queue | Villager (Male) |
| 6:38 | Queue | Villager (Male) |
| 7:18 | Queue | Villager (Male) |
| 7:18 | Queue | Villager (Male) |
| 7:19 | Queue | Villager (Male) |
| 8:10 | Queue | Villager (Male) |
| 8:11 | Queue | Villager (Male) |
| 8:11 | Queue | Villager (Male) |
| 8:46 | Build | House |
| 8:55 | Build | Mill |
| 9:08 | Queue | Villager (Male) |
| 9:09 | Queue | Villager (Male) |
| 9:09 | Queue | Villager (Male) |
| 9:37 | Build | House |
| 10:07 | Queue | Villager (Male) |
| 10:20 | Queue | Villager (Male) |
| 10:21 | Queue | Villager (Male) |
| 10:21 | Queue | Villager (Male) |
| 10:22 | Queue | Villager (Male) |
| 10:26 | Queue | Villager (Male) |
| 10:36 | Build | Mining Camp |
| 10:59 | Queue | Villager (Male) |
| 11:11 | Queue | Villager (Male) |
| 11:11 | Queue | Villager (Male) |
| 12:56 | Research | Loom |
| 13:29 | Build | Lumber Camp |
| 13:39 | Build | House |
| 13:44 | Research | Feudal Age |
| 13:45 | Research | Feudal Age |
| 14:20 | Build | Palisade Wall |
| 14:42 | Queue | Villager (Male) |
| 14:42 | Queue | Villager (Male) |
| 15:54 | Age | Feudal Age |
| 16:01 | Build | Blacksmith |
| 16:20 | Build | Market |
| 17:31 | Research | Castle Age |
| 18:43 | Build | Palisade Wall |
| 19:02 | Research | Double-Bit Axe |
| 19:05 | Research | Horse Collar |
| 19:05 | Research | Horse Collar |
| 20:11 | Age | Castle Age |
| 20:17 | Build | Castle |
| 20:32 | Queue | Villager (Male) ×5 |
| 20:32 | Queue | Villager (Male) ×3 |
| 20:32 | Queue | Villager (Male) ×3 |
| 20:56 | Build | House |
| 21:32 | Queue | Mameluke ×2 |
| 22:03 | Build | Palisade Gate |
| 22:10 | Build | House |
| 22:30 | Build | Palisade Wall |
| 22:39 | Build | Palisade Gate |
| 22:57 | Build | House |
| 23:05 | Research | Town Watch |
| 23:11 | Queue | Mameluke |
| 23:22 | Build | Town Center |
| 23:35 | Queue | Villager (Male) |
| 23:35 | Queue | Villager (Male) |
| 23:36 | Queue | Villager (Male) |
| 23:36 | Queue | Villager (Male) |
| 23:36 | Queue | Villager (Male) |
| 23:37 | Queue | Villager (Male) |
| 23:37 | Queue | Villager (Male) |
| 23:37 | Queue | Villager (Male) |
| 23:37 | Queue | Villager (Male) |
| 23:53 | Queue | Mameluke |
| 23:54 | Queue | Mameluke |
| 23:54 | Queue | Mameluke |
| 23:58 | Research | Scale Barding Armor |
| 23:58 | Research | Scale Barding Armor |
| 24:24 | Build | House |
| 24:25 | Build | House |
| 24:38 | Build | Farm |
| 24:38 | Build | Farm |
| 24:38 | Build | Farm |
| 24:39 | Build | Farm |
| 24:39 | Build | Farm |
| 24:39 | Build | Farm |
| 24:52 | Queue | Villager (Male) |
| 24:52 | Queue | Villager (Male) |
| 24:58 | Queue | Mameluke |
| 25:02 | Build | Farm |
| 25:28 | Queue | Mameluke |
| 25:28 | Queue | Mameluke |
| 26:01 | Queue | Villager (Male) |
| 26:05 | Build | Farm |
| 26:13 | Queue | Villager (Male) |
| 26:16 | Build | Farm |
| 26:18 | Build | Farm |
| 26:57 | Queue | Mameluke |
| 26:57 | Queue | Mameluke |
| 27:07 | Queue | Villager (Male) |
| 27:49 | Queue | Mameluke ×2 |
| 27:49 | Queue | Mameluke ×2 |
| 28:11 | Queue | Villager (Male) |
| 28:26 | Queue | Villager (Male) |
| 28:37 | Build | Farm |
| 28:37 | Build | Farm |
| 28:38 | Build | Farm |
| 28:38 | Build | Farm |
| 28:40 | Queue | Villager (Male) |
| 28:53 | Queue | Villager (Male) |
| 28:54 | Queue | Villager (Male) |
| 29:31 | Build | Farm |
| 29:31 | Build | Farm |
| 29:32 | Build | Farm |
| 29:32 | Build | Farm |
| 29:33 | Queue | Villager (Male) |
| 29:34 | Queue | Villager (Male) |
| 29:43 | Queue | Villager (Male) |
| 30:05 | Build | Town Center |
| 30:19 | Build | Town Center |
| 30:27 | Queue | Villager (Male) |
| 30:28 | Queue | Villager (Male) |
| 30:32 | Build | Farm |
| 30:32 | Build | Farm |
| 30:32 | Build | Farm |
| 30:33 | Build | Farm |
| 30:33 | Build | Farm |
| 30:33 | Build | Farm |
| 30:33 | Build | Farm |
| 30:34 | Build | Farm |
| 30:34 | Build | Farm |
| 30:58 | Queue | Villager (Male) |
| 30:59 | Queue | Villager (Male) |
| 31:03 | Build | Farm |
| 31:04 | Build | Farm |
| 31:09 | Queue | Villager (Male) |
| 31:10 | Queue | Villager (Male) |
| 31:11 | Queue | Villager (Male) |
| 31:11 | Queue | Villager (Male) |
| 31:12 | Queue | Villager (Male) |
| 31:25 | Research | Wheelbarrow |
| 31:25 | Research | Wheelbarrow |
| 31:37 | Build | House |
| 31:37 | Build | House |
| 31:37 | Build | House |
| 31:38 | Build | House |
| 31:38 | Build | House |
Build order — PJtheDcoy
First 150 of 230 actions detected
| 0:16 | Build | Town Center |
| 2:25 | Build | House |
| 2:30 | Queue | Villager (Male) |
| 2:31 | Queue | Villager (Male) |
| 3:08 | Queue | Villager (Male) |
| 3:08 | Queue | Villager (Male) |
| 3:13 | Build | House |
| 4:12 | Research | Loom |
| 4:14 | Queue | Villager (Male) |
| 5:17 | Queue | Villager (Male) |
| 5:45 | Queue | Villager (Male) |
| 5:50 | Queue | Villager (Male) |
| 6:19 | Queue | Villager (Male) |
| 6:19 | Queue | Villager (Male) |
| 6:29 | Queue | Villager (Male) |
| 6:33 | Build | Lumber Camp |
| 7:13 | Queue | Villager (Male) |
| 7:21 | Build | House |
| 8:15 | Queue | Villager (Male) |
| 8:15 | Queue | Villager (Male) |
| 8:15 | Queue | Villager (Male) |
| 8:56 | Build | House |
| 9:13 | Queue | Villager (Male) |
| 9:13 | Queue | Villager (Male) |
| 9:17 | Queue | Villager (Male) |
| 9:17 | Queue | Villager (Male) |
| 10:08 | Build | Mill |
| 10:30 | Build | Mining Camp |
| 11:22 | Research | Feudal Age |
| 11:59 | Build | Barracks |
| 13:05 | Queue | Villager (Male) |
| 13:06 | Queue | Villager (Male) |
| 13:27 | Build | House |
| 13:32 | Age | Feudal Age |
| 13:37 | Research | Double-Bit Axe |
| 13:40 | Research | Horse Collar |
| 13:54 | Build | Archery Range |
| 13:56 | Build | Archery Range |
| 14:12 | Queue | Spearman |
| 14:12 | Queue | Spearman |
| 14:14 | Queue | Villager (Male) |
| 14:15 | Queue | Villager (Male) |
| 14:55 | Build | Palisade Gate |
| 14:57 | Build | House |
| 15:00 | Build | House |
| 15:01 | Build | House |
| 15:17 | Queue | Archer |
| 15:17 | Queue | Archer |
| 15:17 | Queue | Archer |
| 15:33 | Build | Farm |
| 15:46 | Queue | Skirmisher |
| 15:46 | Queue | Skirmisher |
| 16:10 | Queue | Villager (Male) |
| 16:10 | Queue | Villager (Male) |
| 16:18 | Queue | Villager (Male) |
| 16:20 | Build | Farm |
| 16:21 | Build | Farm |
| 16:22 | Build | Farm |
| 16:55 | Build | Farm |
| 16:56 | Build | Farm |
| 16:57 | Build | Farm |
| 17:00 | Build | Farm |
| 17:02 | Queue | Archer |
| 17:09 | Queue | Archer |
| 17:16 | Queue | Villager (Male) |
| 17:17 | Queue | Villager (Male) |
| 17:37 | Queue | Archer |
| 17:44 | Queue | Archer |
| 17:51 | Build | House |
| 17:52 | Build | House |
| 18:01 | Build | Blacksmith |
| 18:04 | Build | Farm |
| 18:58 | Queue | Villager (Male) |
| 18:59 | Queue | Villager (Male) |
| 19:35 | Build | Farm |
| 19:45 | Build | House |
| 19:47 | Build | House |
| 20:02 | Queue | Archer |
| 20:02 | Queue | Archer |
| 20:07 | Build | Farm |
| 20:11 | Queue | Villager (Male) |
| 20:45 | Research | Castle Age |
| 20:56 | Queue | Skirmisher |
| 20:57 | Queue | Skirmisher |
| 20:57 | Queue | Skirmisher |
| 20:58 | Queue | Skirmisher |
| 21:09 | Build | Market |
| 21:58 | Queue | Spearman |
| 21:59 | Queue | Spearman |
| 22:05 | Research | Gold Mining |
| 22:23 | Queue | Spearman |
| 22:55 | Build | Farm |
| 22:55 | Build | Farm |
| 23:25 | Age | Castle Age |
| 23:28 | Research | Fletching |
| 23:32 | Research | Padded Archer Armor |
| 23:42 | Research | Pikeman (upgrade) |
| 24:06 | Research | Elite Skirmisher (upgrade) |
| 24:08 | Queue | Villager (Male) |
| 24:09 | Queue | Villager (Male) |
| 24:18 | Build | University |
| 24:20 | Queue | Archer |
| 24:21 | Queue | Archer |
| 24:42 | Build | Town Center |
| 24:50 | Research | Crossbowman (upgrade) |
| 25:23 | Queue | Spearman |
| 25:23 | Queue | Spearman |
| 25:26 | Research | Squires |
| 25:36 | Queue | Villager (Male) |
| 25:41 | Queue | Archer |
| 25:42 | Queue | Archer |
| 25:42 | Queue | Archer |
| 25:42 | Queue | Archer |
| 25:46 | Build | House |
| 25:47 | Build | House |
| 25:50 | Research | Ballistics |
| 26:37 | Queue | Archer |
| 26:37 | Queue | Archer |
| 27:15 | Queue | Archer |
| 27:15 | Queue | Archer |
| 27:17 | Queue | Spearman |
| 27:17 | Queue | Spearman |
| 27:21 | Queue | Villager (Male) ×5 |
| 27:57 | Queue | Villager (Male) |
| 27:58 | Queue | Villager (Male) |
| 28:03 | Build | Farm |
| 28:05 | Build | Farm |
| 28:06 | Build | Farm |
| 28:07 | Build | Farm |
| 28:09 | Queue | Villager (Male) |
| 28:09 | Queue | Villager (Male) |
| 28:15 | Research | Wheelbarrow |
| 28:43 | Build | Farm |
| 29:42 | Queue | Archer |
| 29:42 | Queue | Archer |
| 29:43 | Queue | Archer |
| 29:43 | Queue | Archer |
| 29:46 | Queue | Spearman |
| 29:46 | Queue | Spearman |
| 29:48 | Research | Bodkin Arrow |
| 29:51 | Queue | Villager (Male) ×5 |
| 29:56 | Build | House |
| 29:57 | Build | House |
| 30:16 | Build | Farm |
| 30:28 | Build | Castle |
| 30:37 | Research | Leather Archer Armor |
| 31:18 | Queue | Spearman ×5 |
| 31:39 | Build | Stable |
| 31:52 | Queue | Villager (Male) ×5 |
| 31:52 | Queue | Villager (Male) |
Build order — [GDL] RagnarokCo
First 150 of 270 actions detected
| 0:07 | Build | Town Center |
| 2:40 | Research | Loom |
| 2:41 | Queue | Villager (Male) |
| 2:41 | Queue | Villager (Male) |
| 2:41 | Queue | Villager (Male) |
| 2:47 | Queue | Villager (Male) |
| 3:43 | Build | Mill |
| 3:56 | Queue | Villager (Male) |
| 4:23 | Build | Lumber Camp |
| 4:55 | Queue | Villager (Male) |
| 4:55 | Queue | Villager (Male) |
| 5:35 | Queue | Villager (Male) |
| 5:35 | Queue | Villager (Male) |
| 6:08 | Queue | Villager (Male) |
| 7:11 | Queue | Villager (Male) |
| 7:11 | Queue | Villager (Male) |
| 7:27 | Build | Mill |
| 7:38 | Queue | Villager (Male) |
| 7:38 | Queue | Villager (Male) |
| 8:12 | Build | Mill |
| 8:46 | Queue | Villager (Male) |
| 9:07 | Queue | Villager (Male) |
| 9:27 | Build | Mill |
| 9:28 | Queue | Villager (Male) |
| 9:36 | Queue | Villager (Male) |
| 9:37 | Queue | Villager (Male) |
| 10:19 | Queue | Villager (Male) |
| 11:13 | Queue | Villager (Male) |
| 11:17 | Build | Mining Camp |
| 11:29 | Research | Feudal Age |
| 12:45 | Queue | Villager (Male) |
| 13:18 | Build | Palisade Wall |
| 13:38 | Queue | Villager (Male) |
| 14:01 | Age | Feudal Age |
| 14:05 | Build | Blacksmith |
| 14:10 | Build | Market |
| 14:37 | Queue | Villager (Male) |
| 15:03 | Queue | Villager (Male) |
| 15:12 | Research | Castle Age |
| 15:19 | Research | Double-Bit Axe |
| 15:21 | Research | Horse Collar |
| 15:22 | Research | Gold Mining |
| 15:33 | Research | Fletching |
| 15:53 | Build | Barracks |
| 16:48 | Queue | Villager (Male) |
| 16:52 | Build | Archery Range |
| 17:21 | Queue | Villager (Male) |
| 17:27 | Build | Stable |
| 17:56 | Age | Castle Age |
| 17:59 | Queue | Cavalry Archer |
| 18:06 | Research | Bow Saw |
| 18:08 | Research | Gold Shaft Mining |
| 18:25 | Queue | Cavalry Archer |
| 18:47 | Build | Monastery |
| 18:48 | Queue | Villager (Male) |
| 18:53 | Research | Bloodlines |
| 19:16 | Queue | Villager (Male) |
| 19:28 | Research | Horse Collar |
| 19:42 | Build | Palisade Wall |
| 19:46 | Queue | Villager (Male) |
| 19:50 | Build | Farm |
| 19:55 | Queue | Cavalry Archer |
| 20:04 | Build | Archery Range |
| 20:07 | Queue | Villager (Male) |
| 20:11 | Build | Farm |
| 20:43 | Queue | Villager (Male) |
| 20:45 | Build | Farm |
| 20:49 | Queue | Cavalry Archer |
| 21:07 | Build | University |
| 21:09 | Queue | Villager (Male) |
| 21:14 | Build | Farm |
| 21:15 | Build | Farm |
| 21:15 | Build | Farm |
| 21:15 | Build | Farm |
| 21:17 | Build | Farm |
| 21:22 | Queue | Villager (Male) |
| 21:29 | Queue | Cavalry Archer |
| 21:57 | Build | Farm |
| 21:59 | Queue | Villager (Male) |
| 22:02 | Queue | Cavalry Archer ×4 |
| 22:16 | Build | Farm |
| 22:26 | Queue | Villager (Male) |
| 22:30 | Build | Farm |
| 22:35 | Queue | Cavalry Archer |
| 22:49 | Queue | Villager (Male) |
| 22:54 | Build | Farm |
| 22:55 | Queue | Villager (Male) |
| 23:02 | Build | Farm |
| 23:49 | Queue | Cavalry Archer ×5 |
| 23:50 | Queue | Cavalry Archer ×5 |
| 23:50 | Queue | Villager (Male) |
| 23:51 | Queue | Villager (Male) |
| 24:04 | Queue | Villager (Male) |
| 24:18 | Queue | Cavalry Archer |
| 24:19 | Queue | Villager (Male) |
| 24:31 | Research | Bodkin Arrow |
| 24:32 | Queue | Villager (Male) |
| 24:36 | Build | Farm |
| 24:46 | Queue | Villager (Male) |
| 24:49 | Build | Farm |
| 24:50 | Build | Farm |
| 25:09 | Research | Padded Archer Armor |
| 25:47 | Queue | Cavalry Archer ×5 |
| 25:48 | Research | Elite Skirmisher (upgrade) |
| 26:22 | Queue | Villager (Male) |
| 26:22 | Queue | Villager (Male) |
| 26:26 | Build | Town Center |
| 26:27 | Queue | Villager (Male) |
| 26:49 | Queue | Villager (Male) |
| 27:09 | Research | Ballistics |
| 27:15 | Research | Thumb Ring |
| 27:18 | Queue | Villager (Male) |
| 27:52 | Research | Leather Archer Armor |
| 27:55 | Queue | Cavalry Archer ×5 |
| 28:25 | Research | Town Watch |
| 28:26 | Queue | Villager (Male) |
| 28:38 | Queue | Cavalry Archer ×3 |
| 28:58 | Queue | Cavalry Archer |
| 29:42 | Queue | Villager (Male) ×5 |
| 30:16 | Build | Town Center |
| 30:21 | Research | Wheelbarrow |
| 30:23 | Queue | Villager (Male) ×2 |
| 30:26 | Build | Farm |
| 30:26 | Build | Farm |
| 30:40 | Build | Mining Camp |
| 30:42 | Queue | Villager (Male) ×2 |
| 31:22 | Queue | Cavalry Archer |
| 31:29 | Queue | Villager (Male) ×4 |
| 32:17 | Queue | Cavalry Archer ×5 |
| 32:37 | Research | Hand Cart |
| 32:58 | Queue | Villager (Male) ×3 |
| 33:10 | Build | Siege Workshop |
| 33:13 | Queue | Villager (Male) |
| 33:35 | Queue | Villager (Male) ×2 |
| 33:37 | Build | Farm |
| 34:04 | Queue | Cavalry Archer ×5 |
| 34:09 | Queue | Battering Ram |
| 34:09 | Queue | Battering Ram |
| 34:57 | Queue | Villager (Male) ×5 |
| 35:01 | Build | Farm |
| 35:13 | Queue | Battering Ram |
| 35:19 | Build | Stable |
| 35:22 | Build | Farm |
| 35:22 | Build | Farm |
| 35:24 | Build | Farm |
| 35:24 | Build | Farm |
| 35:25 | Build | Farm |
| 35:25 | Build | Farm |
| 35:25 | Build | Farm |
| 35:25 | Build | Farm |
Build order — [GDL] Tevadoler
First 150 of 517 actions detected
| 0:11 | Build | Town Center |
| 1:43 | Build | House |
| 1:44 | Build | House |
| 1:54 | Build | Lumber Camp |
| 2:48 | Queue | Villager (Male) |
| 2:48 | Queue | Villager (Male) |
| 2:48 | Queue | Villager (Male) |
| 2:49 | Queue | Villager (Male) |
| 2:49 | Queue | Villager (Male) |
| 4:09 | Queue | Villager (Male) |
| 4:34 | Queue | Villager (Male) |
| 4:34 | Queue | Villager (Male) |
| 5:08 | Queue | Villager (Male) |
| 5:38 | Queue | Villager (Male) |
| 5:54 | Queue | Villager (Male) |
| 6:02 | Build | Lumber Camp |
| 6:37 | Queue | Villager (Male) |
| 6:52 | Build | House |
| 7:02 | Queue | Villager (Male) |
| 7:23 | Queue | Villager (Male) |
| 7:32 | Queue | Villager (Male) |
| 7:55 | Queue | Villager (Male) |
| 8:22 | Build | Mill |
| 8:44 | Queue | Villager (Male) |
| 8:48 | Build | House |
| 9:00 | Queue | Villager (Male) |
| 9:28 | Queue | Villager (Male) |
| 9:46 | Queue | Villager (Male) |
| 10:05 | Queue | Villager (Male) |
| 10:14 | Build | Mill |
| 10:32 | Build | Mining Camp |
| 10:50 | Queue | Villager (Male) |
| 11:13 | Queue | Villager (Male) |
| 11:44 | Research | Feudal Age |
| 13:02 | Build | House |
| 13:40 | Queue | Villager (Male) |
| 13:54 | Age | Feudal Age |
| 13:59 | Build | Blacksmith |
| 14:02 | Build | Market |
| 14:14 | Research | Loom |
| 14:18 | Queue | Villager (Male) |
| 14:18 | Research | Loom |
| 15:23 | Research | Castle Age |
| 15:49 | Research | Double-Bit Axe |
| 15:50 | Build | House |
| 17:32 | Queue | Villager (Male) |
| 18:03 | Age | Castle Age |
| 18:06 | Build | Town Center |
| 18:09 | Queue | Villager (Male) |
| 18:12 | Research | Tech 1014 |
| 18:14 | Research | Bow Saw |
| 18:25 | Build | Town Center |
| 18:30 | Queue | Villager (Male) |
| 18:52 | Research | Wheelbarrow |
| 18:56 | Queue | Villager (Male) |
| 19:23 | Build | Pasture |
| 19:30 | Queue | Villager (Male) |
| 19:32 | Queue | Villager (Male) |
| 19:42 | Research | Forging |
| 19:46 | Queue | Villager (Male) |
| 19:50 | Build | Pasture |
| 19:55 | Queue | Villager (Male) |
| 20:19 | Build | Pasture |
| 20:22 | Queue | Villager (Male) |
| 20:28 | Queue | Villager (Male) |
| 20:54 | Queue | Villager (Male) |
| 21:13 | Build | Barracks |
| 21:15 | Queue | Villager (Male) |
| 21:16 | Research | Town Watch |
| 21:22 | Build | Pasture |
| 21:31 | Queue | Villager (Male) |
| 21:44 | Queue | Villager (Male) |
| 22:05 | Queue | Villager (Male) |
| 22:10 | Queue | Villager (Male) |
| 22:29 | Queue | Villager (Male) |
| 22:33 | Build | Stable |
| 22:34 | Queue | Villager (Male) |
| 22:46 | Build | Pasture |
| 22:50 | Build | Pasture |
| 22:56 | Queue | Villager (Male) |
| 22:59 | Build | Pasture |
| 23:02 | Queue | Villager (Male) |
| 23:06 | Build | Pasture |
| 23:23 | Queue | Villager (Male) |
| 23:28 | Build | Pasture |
| 23:34 | Build | House |
| 23:36 | Queue | Villager (Male) |
| 23:49 | Queue | Steppe Lancer |
| 23:59 | Queue | Villager (Male) |
| 24:16 | Build | Castle |
| 24:18 | Queue | Villager (Male) |
| 24:23 | Queue | Steppe Lancer |
| 24:25 | Queue | Villager (Male) |
| 24:38 | Build | Stable |
| 24:53 | Queue | Camel Scout |
| 24:55 | Queue | Steppe Lancer |
| 25:08 | Queue | Villager (Male) |
| 25:37 | Queue | Steppe Lancer |
| 25:39 | Build | House |
| 25:50 | Build | House |
| 26:02 | Queue | Villager (Male) |
| 26:11 | Queue | Steppe Lancer |
| 26:11 | Queue | Steppe Lancer |
| 26:13 | Build | House |
| 26:40 | Build | Town Center |
| 26:41 | Queue | Villager (Male) |
| 26:46 | Build | House |
| 26:47 | Build | House |
| 26:51 | Build | House |
| 26:55 | Build | House |
| 26:56 | Queue | Villager (Male) |
| 27:04 | Build | Pasture |
| 27:08 | Queue | Villager (Male) |
| 27:08 | Queue | Villager (Male) |
| 27:18 | Queue | Villager (Male) |
| 27:23 | Build | Pasture |
| 27:26 | Build | Pasture |
| 27:29 | Queue | Villager (Male) |
| 27:39 | Queue | Villager (Male) |
| 27:49 | Queue | Villager (Male) |
| 27:59 | Build | House |
| 28:00 | Queue | Villager (Male) |
| 28:04 | Build | Pasture |
| 28:05 | Queue | Villager (Male) |
| 28:10 | Build | Pasture |
| 28:13 | Queue | Steppe Lancer |
| 28:28 | Build | Town Center |
| 28:29 | Queue | Villager (Male) |
| 28:37 | Queue | Villager (Male) |
| 28:38 | Queue | Villager (Male) |
| 28:57 | Research | Scale Barding Armor |
| 28:59 | Queue | Villager (Male) |
| 29:01 | Build | Pasture |
| 29:02 | Queue | Villager (Male) |
| 29:05 | Build | Pasture |
| 29:05 | Queue | Villager (Male) |
| 29:10 | Queue | Steppe Lancer |
| 29:35 | Queue | Villager (Male) |
| 29:46 | Queue | Villager (Male) |
| 29:50 | Build | Pasture |
| 29:50 | Build | Pasture |
| 29:50 | Build | Pasture |
| 29:51 | Build | Pasture |
| 29:51 | Build | Pasture |
| 29:51 | Build | Pasture |
| 29:52 | Build | Pasture |
| 29:55 | Queue | Steppe Lancer |
| 29:55 | Queue | Steppe Lancer |
| 29:58 | Queue | Steppe Lancer |
| 30:02 | Queue | Villager (Male) |
Build order — Relief
First 150 of 245 actions detected
| 0:37 | Build | Town Center |
| 2:54 | Queue | Villager (Male) |
| 2:54 | Queue | Villager (Male) |
| 3:05 | Build | House |
| 3:08 | Queue | Villager (Male) |
| 3:12 | Queue | Villager (Male) |
| 4:23 | Queue | Villager (Male) |
| 4:42 | Build | House |
| 4:53 | Queue | Villager (Male) |
| 5:25 | Queue | Villager (Male) |
| 5:51 | Queue | Villager (Male) |
| 6:03 | Build | Lumber Camp |
| 6:04 | Queue | Villager (Male) |
| 6:23 | Queue | Villager (Male) |
| 6:23 | Queue | Villager (Male) |
| 6:40 | Queue | Villager (Male) |
| 6:47 | Build | House |
| 7:16 | Queue | Villager (Male) |
| 7:30 | Queue | Villager (Male) |
| 8:11 | Queue | Villager (Male) |
| 8:36 | Queue | Villager (Male) |
| 9:12 | Queue | Villager (Male) |
| 9:19 | Build | House |
| 9:40 | Build | Mill |
| 9:47 | Queue | Villager (Male) |
| 10:07 | Build | Mill |
| 10:21 | Queue | Villager (Male) |
| 10:54 | Build | Mill |
| 11:46 | Queue | Villager (Male) |
| 11:48 | Research | Feudal Age |
| 11:48 | Research | Loom |
| 11:53 | Research | Feudal Age |
| 12:15 | Build | Barracks |
| 13:30 | Build | House |
| 14:06 | Build | House |
| 14:46 | Age | Feudal Age |
| 14:49 | Build | Stable |
| 14:53 | Research | Double-Bit Axe |
| 15:13 | Queue | Villager (Male) |
| 15:13 | Queue | Villager (Male) |
| 15:43 | Queue | Scout Cavalry |
| 15:44 | Queue | Scout Cavalry |
| 15:53 | Build | House |
| 16:09 | Queue | Villager (Male) |
| 16:11 | Queue | Villager (Male) |
| 16:31 | Build | Blacksmith |
| 16:36 | Queue | Scout Cavalry |
| 17:13 | Queue | Villager (Male) |
| 17:40 | Research | Bloodlines |
| 17:52 | Build | Stable |
| 17:53 | Queue | Villager (Male) |
| 17:54 | Queue | Villager (Male) |
| 18:02 | Research | Scale Barding Armor |
| 18:54 | Queue | Scout Cavalry |
| 18:55 | Queue | Scout Cavalry |
| 18:55 | Queue | Scout Cavalry |
| 18:56 | Queue | Villager (Male) |
| 18:56 | Queue | Villager (Male) |
| 18:57 | Queue | Villager (Male) |
| 19:04 | Build | Farm |
| 19:08 | Research | Horse Collar |
| 19:18 | Build | Mill |
| 19:32 | Build | Farm |
| 19:51 | Build | Mill |
| 20:00 | Build | House |
| 20:01 | Queue | Villager (Male) |
| 20:05 | Build | Farm |
| 20:20 | Build | Farm |
| 21:24 | Build | Farm |
| 21:25 | Research | Castle Age |
| 21:30 | Build | House |
| 21:52 | Queue | Scout Cavalry |
| 21:53 | Queue | Scout Cavalry |
| 22:13 | Build | House |
| 22:22 | Build | Mining Camp |
| 22:30 | Queue | Scout Cavalry |
| 22:31 | Queue | Scout Cavalry |
| 22:58 | Build | House |
| 22:59 | Build | House |
| 23:20 | Queue | Scout Cavalry |
| 23:21 | Queue | Scout Cavalry |
| 23:23 | Queue | Villager (Male) |
| 24:05 | Age | Castle Age |
| 24:29 | Build | Town Center |
| 24:35 | Build | Farm |
| 24:39 | Research | Husbandry |
| 24:47 | Research | Light Cavalry (upgrade) |
| 24:51 | Queue | Villager (Male) |
| 24:52 | Queue | Villager (Male) |
| 24:52 | Queue | Villager (Male) |
| 25:00 | Build | Town Center |
| 25:05 | Build | Monastery |
| 25:06 | Queue | Villager (Male) |
| 25:32 | Queue | Villager (Male) |
| 25:32 | Queue | Villager (Male) |
| 26:03 | Research | Stone Mining |
| 26:48 | Queue | Villager (Male) |
| 27:02 | Build | Farm |
| 27:02 | Build | Farm |
| 27:03 | Build | Farm |
| 27:08 | Build | Farm |
| 27:09 | Queue | Monk |
| 27:39 | Build | Farm |
| 27:40 | Build | Farm |
| 27:42 | Queue | Villager (Male) |
| 27:49 | Research | Gold Mining |
| 27:56 | Build | Lumber Camp |
| 27:59 | Research | Bow Saw |
| 28:28 | Queue | Villager (Male) |
| 28:29 | Queue | Villager (Male) |
| 28:50 | Queue | Villager (Male) |
| 28:51 | Queue | Villager (Male) |
| 29:36 | Build | Castle |
| 29:45 | Build | Farm |
| 29:47 | Research | Fletching |
| 29:48 | Research | Padded Archer Armor |
| 29:50 | Queue | Villager (Male) |
| 29:57 | Build | University |
| 30:20 | Build | Farm |
| 30:21 | Queue | Villager (Male) |
| 30:21 | Queue | Villager (Male) |
| 30:52 | Build | Farm |
| 30:57 | Build | Farm |
| 31:03 | Build | Farm |
| 31:04 | Build | Farm |
| 31:06 | Research | Ballistics |
| 31:08 | Research | Bodkin Arrow |
| 31:13 | Queue | Camel Archer |
| 31:14 | Queue | Camel Archer |
| 31:44 | Queue | Villager (Male) |
| 31:45 | Queue | Villager (Male) |
| 31:45 | Queue | Villager (Male) |
| 31:51 | Queue | Camel Archer |
| 31:51 | Queue | Camel Archer |
| 31:52 | Queue | Camel Archer |
| 32:13 | Research | Leather Archer Armor |
| 32:16 | Queue | Camel Archer |
| 32:26 | Build | Farm |
| 32:27 | Queue | Villager (Male) |
| 32:27 | Queue | Villager (Male) |
| 32:34 | Build | Farm |
| 32:50 | Queue | Camel Archer |
| 32:50 | Queue | Camel Archer |
| 33:15 | Research | Kasbah |
| 33:16 | Queue | Camel Archer |
| 33:17 | Queue | Camel Archer |
| 33:23 | Build | Farm |
| 34:07 | Queue | Camel Archer |
| 34:08 | Queue | Camel Archer |
| 34:45 | Queue | Camel Archer |
Build order — [GDL] Aleex
First 150 of 427 actions detected
| 0:11 | Build | Town Center |
| 1:31 | Build | House |
| 2:23 | Queue | Villager (Male) |
| 2:24 | Queue | Villager (Male) |
| 2:24 | Queue | Villager (Male) |
| 2:24 | Queue | Villager (Male) |
| 2:39 | Build | House |
| 2:42 | Build | House |
| 2:52 | Build | House |
| 3:34 | Queue | Villager (Male) |
| 3:34 | Queue | Villager (Male) |
| 3:59 | Build | House |
| 4:11 | Queue | Villager (Male) |
| 4:27 | Queue | Villager (Male) |
| 4:32 | Build | House |
| 5:01 | Queue | Villager (Male) |
| 5:03 | Queue | Villager (Male) |
| 5:03 | Queue | Villager (Male) |
| 5:21 | Queue | Villager (Male) |
| 5:21 | Queue | Villager (Male) |
| 5:24 | Build | Lumber Camp |
| 6:01 | Queue | Villager (Male) |
| 6:02 | Queue | Villager (Male) |
| 6:17 | Build | House |
| 6:20 | Queue | Villager (Male) |
| 6:53 | Build | House |
| 7:08 | Build | House |
| 7:24 | Queue | Villager (Male) |
| 7:24 | Queue | Villager (Male) |
| 7:24 | Queue | Villager (Male) |
| 7:45 | Build | House |
| 7:52 | Build | House |
| 8:05 | Queue | Villager (Male) |
| 8:37 | Build | Mill |
| 8:48 | Queue | Villager (Male) |
| 8:49 | Queue | Villager (Male) |
| 8:49 | Queue | Villager (Male) |
| 9:15 | Queue | Villager (Male) |
| 9:24 | Queue | Villager (Male) |
| 9:28 | Build | House |
| 9:40 | Build | House |
| 9:45 | Queue | Villager (Male) |
| 10:01 | Build | House |
| 10:25 | Queue | Villager (Male) |
| 10:35 | Research | Loom |
| 10:37 | Research | Feudal Age |
| 10:53 | Build | House |
| 10:54 | Build | Palisade Wall |
| 11:00 | Build | Palisade Gate |
| 11:35 | Build | Mining Camp |
| 12:27 | Research | Loom |
| 12:54 | Age | Feudal Age |
| 12:57 | Build | Market |
| 13:01 | Build | Blacksmith |
| 13:05 | Queue | Villager (Male) |
| 13:40 | Build | Outpost |
| 13:43 | Build | Outpost |
| 13:50 | Build | Outpost |
| 14:35 | Build | Outpost |
| 14:47 | Build | Outpost |
| 14:54 | Research | Castle Age |
| 14:55 | Research | Castle Age |
| 15:08 | Build | Outpost |
| 15:25 | Research | Double-Bit Axe |
| 15:25 | Research | Double-Bit Axe |
| 15:34 | Build | Palisade Wall |
| 15:42 | Build | Palisade Wall |
| 15:55 | Build | Palisade Wall |
| 16:01 | Build | Palisade Wall |
| 16:08 | Build | Palisade Wall |
| 16:55 | Build | Palisade Wall |
| 17:04 | Build | Outpost |
| 17:24 | Queue | Villager (Male) |
| 17:24 | Queue | Villager (Male) |
| 17:34 | Age | Castle Age |
| 17:43 | Build | Castle |
| 18:08 | Queue | Villager (Male) |
| 18:13 | Queue | Villager (Male) |
| 18:50 | Queue | War Wagon |
| 18:50 | Queue | War Wagon |
| 18:52 | Queue | War Wagon |
| 18:59 | Queue | War Wagon |
| 19:08 | Build | Town Center |
| 20:03 | Queue | Villager (Male) |
| 20:42 | Queue | Villager (Male) |
| 20:52 | Queue | War Wagon |
| 20:52 | Queue | War Wagon |
| 21:07 | Queue | Villager (Male) |
| 21:07 | Queue | Villager (Male) |
| 21:27 | Queue | War Wagon |
| 21:49 | Queue | Villager (Male) |
| 22:18 | Queue | War Wagon |
| 22:47 | Queue | War Wagon |
| 23:03 | Build | Town Center |
| 23:25 | Build | Siege Workshop |
| 23:34 | Queue | Villager (Male) |
| 23:35 | Queue | Villager (Male) |
| 23:52 | Queue | Villager (Male) |
| 23:53 | Queue | Villager (Male) |
| 23:53 | Queue | Villager (Male) |
| 24:44 | Build | Outpost |
| 24:59 | Queue | Iron Pagoda |
| 25:06 | Build | Outpost |
| 25:11 | Queue | Villager (Male) |
| 25:12 | Queue | Villager (Male) |
| 25:16 | Build | Mill |
| 25:17 | Queue | Villager (Male) |
| 25:34 | Queue | War Wagon |
| 26:07 | Build | Mining Camp |
| 26:47 | Queue | War Wagon |
| 27:10 | Queue | Villager (Male) |
| 27:11 | Research | Town Watch |
| 27:24 | Build | Town Center |
| 27:32 | Queue | Iron Pagoda |
| 27:33 | Queue | Iron Pagoda |
| 27:44 | Build | House |
| 27:45 | Build | House |
| 27:47 | Queue | Villager (Male) |
| 27:48 | Research | Bow Saw |
| 27:48 | Research | Bow Saw |
| 27:54 | Queue | Villager (Male) |
| 27:55 | Research | Gold Mining |
| 27:58 | Queue | Villager (Male) |
| 28:10 | Queue | Villager (Male) |
| 28:22 | Queue | War Wagon |
| 28:41 | Queue | Villager (Male) |
| 28:41 | Queue | Villager (Male) |
| 28:47 | Queue | War Wagon |
| 28:47 | Queue | War Wagon |
| 29:38 | Queue | Iron Pagoda |
| 29:49 | Build | House |
| 29:50 | Queue | Villager (Male) |
| 30:00 | Queue | Villager (Male) |
| 30:06 | Build | Town Center |
| 30:11 | Queue | Iron Pagoda |
| 30:16 | Queue | Villager (Male) |
| 30:19 | Build | Lumber Camp |
| 30:21 | Queue | Villager (Male) |
| 30:28 | Queue | Villager (Male) |
| 30:36 | Queue | Villager (Male) |
| 30:38 | Queue | Villager (Male) |
| 31:16 | Queue | War Wagon |
| 31:37 | Queue | Villager (Male) |
| 31:50 | Research | Wheelbarrow |
| 31:54 | Build | Monastery |
| 32:04 | Queue | Villager (Male) |
| 32:07 | Queue | Villager (Male) |
| 32:08 | Queue | Villager (Male) |
| 32:08 | Queue | Villager (Male) |
| 32:12 | Research | Fletching |
Match timeline
| 1:55 | [GDL]Cemento · wall_segment Palisade Wall x1 |
| 2:02 | [GDL]Cemento · wall_segment Palisade Wall x1 |
| 2:08 | [GDL]Cemento · wall_segment Palisade Wall x1 |
| 2:09 | [GDL]Cemento · wall_segment Palisade Wall x1 |
| 10:54 | [GDL] Aleex · wall_segment Palisade Wall x1 |
| 11:23 | Quando · wall_segment Palisade Wall x1 |
| 11:24 | Quando · wall_segment Palisade Wall x1 |
| 11:24 | Quando · wall_segment Palisade Wall x1 |
| 11:27 | Quando · wall_segment Palisade Wall x1 |
| 11:27 | Quando · wall_segment Palisade Wall x1 |
| 11:59 | PJtheDcoy · first_building Barracks |
| 12:15 | Relief · first_building Barracks |
| 12:54 | [GDL] Aleex · age_up feudal |
| 13:18 | [GDL] RagnarokCo · wall_segment Palisade Wall x7 |
| 13:31 | Quando · age_up feudal |
| 13:32 | PJtheDcoy · age_up feudal |
| 13:54 | PJtheDcoy · first_building Archery Range |
| 13:54 | [GDL] Tevadoler · age_up feudal |
| 14:01 | [GDL] RagnarokCo · age_up feudal |
| 14:20 | [GDL]Cemento · wall_segment Palisade Wall x16 |
| 14:46 | Relief · age_up feudal |
| 14:49 | Relief · first_building Stable |
| 15:18 | Fr4ggi · first_building Barracks |
| 15:34 | [GDL] Aleex · wall_segment Palisade Wall x1 |
| 15:42 | [GDL] Aleex · wall_segment Palisade Wall x1 |
| 15:53 | [GDL] RagnarokCo · first_building Barracks |
| 15:54 | [GDL]Cemento · age_up feudal |
| 15:55 | [GDL] Aleex · wall_segment Palisade Wall x1 |
| 16:01 | [GDL] Aleex · wall_segment Palisade Wall x1 |
| 16:08 | [GDL] Aleex · wall_segment Palisade Wall x1 |
| 16:08 | Fr4ggi · age_up feudal |
| 16:52 | [GDL] RagnarokCo · first_building Archery Range |
| 16:55 | [GDL] Aleex · wall_segment Palisade Wall x1 |
| 17:01 | Quando · age_up castle |
| 17:09 | Quando · first_building Castle |
| 17:12 | [GDL]Cemento · first_market_sell 100 wood |
| 17:15 | [GDL]Cemento · first_market_buy 100 food |
| 17:27 | [GDL] RagnarokCo · first_building Stable |
| 17:34 | [GDL] Aleex · age_up castle |
| 17:43 | [GDL] Aleex · first_building Castle |
| 17:56 | [GDL] RagnarokCo · age_up castle |
| 18:03 | [GDL] Tevadoler · age_up castle |
| 18:19 | Quando · first_market_buy 100 stone |
| 18:21 | [GDL] Tevadoler · first_market_buy 100 wood |
| 18:43 | [GDL]Cemento · wall_segment Palisade Wall x15 |
| 18:47 | [GDL] RagnarokCo · first_building Monastery |
| 19:27 | Fr4ggi · first_building Stable |
| 19:42 | [GDL] RagnarokCo · wall_segment Palisade Wall x6 |
| 20:11 | [GDL]Cemento · age_up castle |
| 20:17 | [GDL]Cemento · first_building Castle |
| 21:13 | [GDL] Tevadoler · first_building Barracks |
| 22:01 | Quando · first_building Siege Workshop |
| 22:30 | [GDL]Cemento · wall_segment Palisade Wall x8 |
| 22:33 | [GDL] Tevadoler · first_building Stable |
| 23:25 | [GDL] Aleex · first_building Siege Workshop |
| 23:25 | PJtheDcoy · age_up castle |
| 23:45 | Fr4ggi · age_up castle |
| 24:05 | Relief · age_up castle |
| 24:16 | [GDL] Tevadoler · first_building Castle |
| 24:29 | Quando · first_market_sell 100 wood |
| 25:05 | Relief · first_building Monastery |
| 29:36 | Relief · first_building Castle |
| 30:28 | PJtheDcoy · first_building Castle |
| 31:39 | PJtheDcoy · first_building Stable |
| 31:45 | [GDL] Tevadoler · first_market_sell 100 wood |
| 31:54 | [GDL] Aleex · first_building Monastery |
| 33:10 | [GDL] RagnarokCo · first_building Siege Workshop |
| 38:08 | PJtheDcoy · first_building Siege Workshop |
| 38:30 | [GDL] Aleex · first_building Barracks |
| 39:47 | [GDL] RagnarokCo · first_building Castle |
| 40:14 | [GDL]Cemento · age_up imperial |
| 40:42 | [GDL] Aleex · age_up imperial |
| 41:45 | [GDL] RagnarokCo · age_up imperial |
| 41:56 | [GDL] Tevadoler · age_up imperial |
| 42:19 | Relief · age_up imperial |
| 42:30 | PJtheDcoy · age_up imperial |
| 42:42 | [GDL] RagnarokCo · first_market_sell 100 wood |
| 42:44 | [GDL] RagnarokCo · first_market_buy 100 food |
| 43:37 | PJtheDcoy · first_market_sell 500 wood |
| 43:45 | Relief · first_market_sell 500 wood |
| 45:42 | [GDL] Aleex · first_building Archery Range |
| 45:58 | [GDL] Tevadoler · tribute_sent a jugador 1 |
| 45:58 | [GDL] Tevadoler · tribute_sent a jugador 2 |
| 45:58 | [GDL] Tevadoler · tribute_sent a jugador 3 |
| 45:58 | [GDL] Tevadoler · tribute_sent a jugador 4 |
| 45:58 | [GDL] Tevadoler · tribute_sent a jugador 5 |
| 45:58 | [GDL] Tevadoler · tribute_sent a jugador 7 |
| 45:58 | [GDL] Tevadoler · tribute_sent a jugador 8 |
| 52:04 | Quando · wall_segment Stone Wall x1 |
| 52:05 | Quando · wall_segment Stone Wall x1 |
| 52:05 | Quando · wall_segment Stone Wall x1 |
| 52:42 | Quando · resign |
[ AI ANALYSIS · 1 CREDIT ]
What really happened in this match?
Wolo.gg analyzes every decision: build order, eco, micro, common mistakes by bracket. Personalized analysis on WhatsApp or Discord in 30 seconds.
Civ guide
Persians
Perfil
Jugador #6051949